 Dungeon Crawl Stone Soup version 0.27-a0-1181-g5f64966fcc (webtiles) character file.

Game seed: 8639940774600392603

102 Shayle the Skirmisher (level 4, -6/37 HPs)
             Began as a Demonspawn Warper on May 17, 2021.
             Mangled by Terence
             ... wielding a +0 short sword
              (11 damage)
             ... on level 3 of the Dungeon.
             The game lasted 00:07:43 (4138 turns).

Shayle the Skirmisher (Demonspawn Warper)           Turns: 4138, Time: 00:07:44

Health: -6/37      AC:  5    Str: 12    XL:     4   Next: 49%
Magic:  7/7        EV: 11    Int: 13    God:
Gold:   79         SH:  0    Dex: 14    Spells: 7/7 levels left

rFire    . . .     SeeInvis .   c - +2 dagger (speed)
rCold    . . .     Faith    .   (no shield)
rNeg     . . .     Spirit   .   b - +0 leather armour
rPois    .         Reflect  .   n - +0 helmet
rElec    +         Harm     .   k - +0 cloak
rCorr    .         Rampage  .   (no gloves)
Will     .....                  (no boots)
Stlth    ++........             (no amulet)
HPRegen  0.12/turn              (no ring)
MPRegen  0.10/turn              (no ring)

@: no status effects
A: thin skeletal structure 1, foul stench 1, dopey 1, electricity resistance,
MP-powered wands
a: no special abilities


You were on level 3 of the Dungeon.
You visited 1 branch of the dungeon, and saw 3 of its levels.

You collected 79 gold pieces.

Inventory:

Hand Weapons
 a - a +0 falchion
 c - a +2 dagger of speed (weapon)
Missiles
 h - 8 boomerangs (quivered)
Armour
 b - a +0 leather armour (worn)
 k - a +0 cloak (worn)
 n - a +0 helmet (worn)
Jewellery
 g - a ring of fire
Scrolls
 d - a scroll of blinking
 f - 3 scrolls of teleportation
 i - a scroll of holy word {unknown}
 l - a scroll of enchant weapon {unknown}


   Skills:
 + Level 3.6 Fighting
 + Level 3.3 Long Blades
 - Level 0.8 Throwing
 - Level 0.8 Armour
 - Level 1.7 Dodging
 - Level 2.0 Spellcasting
 - Level 2.6 Translocations


You had 7 spell levels left.
You didn't know any spells.
Your spell library contained the following spells:

 Spells                   Type           Power      Damage    Failure   Level
 Blink                    Tloc           N/A        N/A       16%         2
 Animate Skeleton         Necr           2%         N/A       32%         1
 Pain                     Necr           4%         1d4       32%         1
 Sting                    Tmut/Pois      4%         1d3       32%         1
 Gell's Gravitas          Tloc           4%         N/A       32%         3
 Lesser Beckoning         Tloc           4%         N/A       32%         3
 Teleport Other           Tloc           8%         N/A       32%         3
 Poisonous Vapours        Pois/Air       2%         N/A       43%         2
 Ignite Poison            Fire/Tmut/Pois 1%         N/A       67%         3
 Mephitic Cloud           Conj/Pois/Air  1%         N/A       67%         3
 Vampiric Draining        Necr           0%         2d6       67%         3
 Manifold Assault         Tloc           8%         N/A       96%         5
 Animate Dead             Necr           0%         N/A       97%         4
 Olgreb's Toxic Radiance  Pois           1%         N/A       97%         4
 Agony                    Necr           1%         N/A       100%        5


Dungeon Overview and Level Annotations

Branches:
Dungeon (3/15)

Altars:

Annotations:
D:3 1 runed translucent door, Ijyb; Terence; roflturtle's ghost, amateur DgCj


Innate Abilities, Weirdness & Mutations

You have a somewhat thin skeletal structure. (Dex +2, Stealth+)
You may rarely emit foul miasma when damaged in melee.
You are dopey. (Int -2)
You are resistant to electric shocks. (rElec)
You expend magic power (3 MP) to strengthen your wands.


Message History

Throw: 8 boomerangs
Press: ? - help, Q - select action Shift-Dir - straight line, f/p - Terence
Aim: Terence, wielding a +0 short sword and wearing a +2 scale mail of fire resistance (heavily wounded, strong, 63% to hit)
You throw a boomerang. The boomerang hits Terence.
Terence is heavily wounded.
Terence screams, "I want your blood!"
Throw: 8 boomerangs
Press: ? - help, Q - select action Shift-Dir - straight line, f/p - Terence
Aim: Terence, wielding a +0 short sword and wearing a +2 scale mail of fire resistance (heavily wounded, strong, 63% to hit)
You throw a boomerang. The boomerang barely misses Terence.
Throw: 8 boomerangs
Press: ? - help, Q - select action Shift-Dir - straight line, f/p - Terence
Aim: Terence, wielding a +0 short sword and wearing a +2 scale mail of fire resistance (heavily wounded, strong, 63% to hit)
You throw a boomerang.
The boomerang hits Terence but does no damage.
Terence is heavily wounded.
Terence closely misses you.
You barely miss Terence.
Terence is heavily wounded.
You barely miss Terence.
Terence is heavily wounded.
Terence misses you.
You hit Terence but do no damage.
Terence is heavily wounded.
Terence barely misses you.
You hit Terence but do no damage.
Terence is heavily wounded.
You hit Terence but do no damage.
Terence is heavily wounded.
Terence hits you with a +0 short sword.
* * * LOW HITPOINT WARNING * * *
You hit Terence.
Terence is severely wounded.
You hit Terence but do no damage.
Terence is severely wounded.
Terence closely misses you.
You barely miss Terence.
Terence is severely wounded.
Terence hits you with a +0 short sword!
You die...

.........###
#.#
#.###....#
#.# #.#
#.####
####.## #.#
#.#
###.....#
#.# #.#
##...###.#
#.#
#######..#
#.# #.#
≈!WSSS+..#
#.# #.#
#######..#
#.# #.#
#.#..## #@#
#.# #.####
#@# #.# #
#.# #.# #.#
#.# #.# #.#
#.# #.# #.#
..# #.#
.#####.


You could see Terence (strong).

Vanquished Creatures
  Robin (D:3)
  An adder (D:3)
  An ufetubus (D:2)
  2 worms (D:2)
  2 dart slugs (D:2)
  5 ball pythons
  2 bats (D:2)
  3 endoplasms
  5 giant cockroaches (D:2)
  9 goblins
  8 hobgoblins
  5 jackals (D:2)
  8 kobolds
  2 frilled lizards
  7 rats
61 creatures vanquished.

Notes
Turn   | Place    | Note
-------+----------+-------------------------------------------
     0 | D:1      | Shayle the Demonspawn Warper began the quest for the Orb.
     0 | D:1      | Reached XP level 1. HP: 16/16 MP: 3/3
   491 | D:1      | Gained mutation: You may rarely emit foul miasma when
                  | damaged in melee. [demonic ancestry]
   491 | D:1      | Reached XP level 2. HP: 22/23 MP: 5/5
  1572 | D:2      | Reached XP level 3. HP: 28/28 MP: 6/6
  2990 | D:3      | Noticed Robin
  3451 | D:2      | Gained mutation: You have a somewhat thin skeletal
                  | structure. (Dex +2, Stealth+) [demonic ancestry]
  3451 | D:2      | Reached XP level 4. HP: 29/35 MP: 7/7
  3820 | D:3      | Found a faded altar of an unknown god.
  3834 | D:3      | Killed Robin
  4047 | D:3      | Noticed Ijyb
  4081 | D:3      | Found a runed translucent door.
  4086 | D:3      | Noticed roflturtle's ghost (amateur DgCj)
  4095 | D:3      | Noticed Terence
  4125 | D:3      | Gained mutation: You expend magic power (3 MP) to
                  | strengthen your wands. [potion of mutation]
  4125 | D:3      | Gained mutation: You are dopey. (Int -2) [potion of
                  | mutation]
  4125 | D:3      | Gained mutation: You are resistant to electric shocks.
                  | (rElec) [potion of mutation]
  4138 | D:3      | Mangled by Terence

Illustrated notes

Levels and vault maps discovered:
D:1:      kilobyte_arrival_exit_the_forest, layout_basic
D:2:      layout_basic
D:3:      layout_loops_ring, ebering_ghost_sewer_d,
          shapermc_ecumenical_altar_mp_vishouse, minmay_shallow_snake_nest,
          uniq_terence, uniq_ijyb, uniq_robin

Skill      XL: |  1  2  3 |
---------------+----------+-----
Long Blades    | 2 3 |  3.3
Fighting       | 3 |  3.6
Throwing       | |  0.8
Armour         | |  0.8
Dodging        | |  1.7
Spellcasting   | |  2.0
Translocations | |  2.6

Action                   |  1- 3 |  4- 6 || total
-------------------------+-------+-------++-------
Melee: Falchion          |   149 |     3 ||   152
       Dagger            |       |    76 ||    76
Throw: Boomerang         |     4 |     5 ||     9
  Use: Scroll            |     3 |       ||     3
       Potion            |       |     2 ||     2
 Stab: Sleeping          |     1 |     1 ||     2
Armor: Leather armour    |    39 |    12 ||    51
Dodge: Dodged            |   105 |    33 ||   138
       Rpst.: Falchion   |    37 |       ||    37

Table legend: (Time is in decaauts)
 A = Elapsed time spent in this place.
 B = Non-inter-level travel time spent in this place.
 C = Inter-level travel time spent in this place.
 D = Time resting spent in this place.
 E = Time spent auto-exploring this place.
 F = Levels seen in this place.
 G = Mean time per level.
                   A        B        C        D        E       F      G
               +--------+--------+--------+--------+--------+-----+--------+
         Total |   4150 |   4039 |    111 |    892 |   2337 |   3 | 1383.3 |
       Dungeon |   4150 |   4039 |    111 |    892 |   2337 |   3 | 1383.3 |
               +--------+--------+--------+--------+--------+-----+--------+

Top non-repeatable levels by time:
     D:2: 2436 daAuts
     D:1: 1373 daAuts
     D:3: 340 daAuts
